 Dungeon Crawl Stone Soup version 0.22-a0-512-g0943f25 (webtiles) character file.

223 Amnesiac the Skirmisher (level 5, -5/42 HPs)
             Began as a Demonspawn Fighter on June 18, 2018.
             Was an Initiate of Makhleb.
             Killed by divine providence
             ... invoked by an orc priest
              (11 damage)
             ... on level 3 of the Dungeon.
             The game lasted 00:06:07 (2404 turns).

Amnesiac the Skirmisher (Demonspawn Fighter)        Turns: 2404, Time: 00:06:08

Health: -5/42      AC: 10    Str: 17    XL:     5   Next: 66%
Magic:  5/5        EV:  6    Int:  9    God:    Makhleb [......]
Gold:   134        SH:  9    Dex: 13    Spells: 4/4 levels left

rFire    . . .     SeeInvis .   a - +0 trident
rCold    . . .     Gourm    .   c - +0 shield
rNeg     . . .     Faith    .   q - +0 chain mail {MR+}
rPois    .         Spirit   .   (helmet restricted)
rElec    .         Reflect  .   (no cloak)
rCorr    .         Harm     .   g - +0 pair of gloves
MR       +....                  (no boots)
Stlth    ..........             (no amulet)
HPRegen  0.14/turn              (no ring)
MPRegen  0.09/turn              (no ring)

@: no status effects
A: antennae 1, claws 1, hooves 1
a: Renounce Religion


You were on level 3 of the Dungeon.
You worshipped Makhleb.
Makhleb was noncommittal.
You were not hungry.

You visited 2 branches of the dungeon, and saw 6 of its levels.

You collected 134 gold pieces.

Inventory:

Hand Weapons
 a - a +0 trident (weapon)
Armour
 c - a +0 shield (worn)
 g - a +0 pair of gloves (worn)
 q - a +0 chain mail of magic resistance (worn)
Scrolls
 e - a scroll of enchant weapon {!r, unknown}
 h - 5 scrolls of remove curse {!r, unknown}
 l - a scroll of blinking {!r, unknown}
 n - 2 scrolls of magic mapping {!r, unknown}
 o - a scroll of teleportation {!r, unknown}
 p - 2 scrolls of identify {!r, unknown}
 r - a scroll of enchant armour {!r, unknown}
Potions
 d - a potion of might {!q}
 i - a potion of curing {!q}
 j - a potion of flight {!q}
 m - a potion of heal wounds {!q, unknown}
Comestibles
 b - 3 chunks of flesh
 f - 5 rations


   Skills:
 + Level 3.7 Fighting
 - Level 2.0 Polearms
 + Level 3.3 Armour
 + Level 3.4 Dodging
 + Level 3.3 Shields


You had 4 spell levels left.
You didn't know any spells.
Your spell library was empty.

Dungeon Overview and Level Annotations

Branches:
Dungeon (5/15)             Temple (1/1) D:4

Altars:
Ashenzari
Cheibriados
Dithmenos
Elyvilon
Fedhas
Gozag
Hepliaklqana
Kikubaaqudgha
Makhleb
Nemelex Xobeh
Okawaru
Qazlal
Ru
Sif Muna
Trog
Vehumet
Wu Jian
Xom
Yredelemnul
Zin
The Shining One

Annotations:
D:3 Grinder


Innate Abilities, Weirdness & Mutations

You have a pair of small antennae on your head.
You have sharp fingernails.
You have large cloven feet.


Message History

A leopard gecko comes into view.
You hit the orc.
The orc is almost dead.
You block the orc's attack.
An orc comes into view. It is wielding a dagger.
You closely miss the orc.
You kill the orc!
Makhleb accepts your kill. You block the leopard gecko's attack.
The leopard gecko bites you but does no damage.
You puncture the leopard gecko!
You kill the leopard gecko!
Makhleb accepts your kill. The orc hits you but does no damage.
You block the orc's attack.
You hit the orc but do no damage. You kick the orc, but do no damage.
You block the orc's attack.
You hit the orc but do no damage. You block the orc's attack.
You closely miss the orc. You closely miss the orc priest.
You block the orc's attack.
The orc priest calls down the wrath of Beogh upon you.
You resist with some effort. You block the orc's attack.
The orc priest mumbles some strange prayers to Beogh against you.
Beogh smites you!
Attack whom?
Press: ? - help, Dir - move target cursor, f - orc priest
Aim: an orc priest You reach to attack!
You hit the orc priest.
The orc priest is moderately wounded.
You block the orc priest's attack.
You hit the orc priest. You kick the orc priest.
The orc priest is heavily wounded.
You block the orc priest's attack.
You hit the orc priest but do no damage.
The orc priest is heavily wounded.
The orc priest hits you.
You hit the orc priest but do no damage.
The orc priest is heavily wounded.
You block the orc priest's attack. The orc priest hits you.
You closely miss the orc priest.
The orc priest is heavily wounded.
The orc priest barely misses you.
You closely miss the orc priest.
The orc priest is heavily wounded.
The orc priest calls down the wrath of Beogh upon you.
Beogh smites you!
* * * LOW HITPOINT WARNING * * *
You are too injured to fight recklessly!
You are too injured to fight recklessly!
You are too injured to fight recklessly!
You hit the orc priest.
The orc priest is severely wounded.
The orc priest hits you but does no damage.
The orc priest hits you.
* * * LOW HITPOINT WARNING * * *
Okay, then.
You closely miss the orc priest. You kick the orc priest.
The orc priest is almost dead.
The orc priest hits you.
* * * LOW HITPOINT WARNING * * *
Your shield and chain mail prevent you from hitting the orc priest.
The orc priest is almost dead.
The orc priest mumbles some strange prayers to Beogh against you.
Beogh smites you!
You die...

###########
#oo@......#
#.#######.#
#.#.....#.#
#o.).##.#.#
###..##.#.# ...
############..##.#.###
#.#
...........)...)..>..#
#.#
.......#####)#####.###
#.# ##....{ #(# #.#
#.#


You could see an orc priest and an orc.

Vanquished Creatures
  An orc priest (D:3)
  2 hounds (D:4)
  An orc wizard (D:3)
  Natasha (D:3)
  A gnoll (D:5)
  2 adders (D:2)
  2 dart slugs
  3 leopard geckos
  4 orcs
  A bat (D:2)
  3 giant cockroaches
  3 goblins
  5 hobgoblins
  2 jackals (D:2)
  8 kobolds
  A quokka (D:5)
  4 frilled lizards
  A leopard gecko skeleton (D:5)
  2 rats
47 creatures vanquished.

Notes
Turn   | Place    | Note
-------+----------+-------------------------------------------
     0 | D:1      | Amnesiac the Demonspawn Fighter began the quest for the Orb.
     0 | D:1      | Reached XP level 1. HP: 18/18 MP: 1/1
    98 | D:2      | Reached skill level 1 in Dodging
   140 | D:2      | Gained mutation: You have large cloven feet. [demonic ancestry]
   140 | D:2      | Reached XP level 2. HP: 11/24 MP: 2/2
   640 | D:2      | Gained mutation: You have sharp fingernails. [demonic ancestry]
   640 | D:2      | Reached XP level 3. HP: 23/29 MP: 3/3
  1152 | D:4      | Noticed Grinder
  1292 | D:3      | Paralysed by Grinder for 3 turns
  1533 | D:4      | Noticed an ogre
  1567 | D:5      | Entered Level 5 of the Dungeon
  1641 | D:4      | Gained mutation: You have a pair of small antennae on your head. [demonic ancestry]
  1641 | D:4      | Reached XP level 4. HP: 26/35 MP: 4/4
  1688 | D:4      | Found a staircase to the Ecumenical Temple.
  1695 | Temple   | Entered the Ecumenical Temple
  2010 | Temple   | Became a worshipper of Makhleb the Destroyer
  2125 | D:5      | Noticed a sky beast
  2147 | D:3      | Reached XP level 5. HP: 31/41 MP: 5/5
  2237 | D:3      | Noticed Natasha
  2242 | D:3      | Killed Natasha
  2404 | D:3      | Killed from afar by an orc priest

Vault maps used:
D:1:      dpeg_arrival_tiny_i, corner_web_ring
D:2:      minmay_misc_feat_rows, nemelex_diamond_rough_becter
D:3:      first_ration, uniq_natasha
D:4:      minmay_temple_entry_mist, minmay_misc_feat_x, uniq_grinder
Temple:   roderic_octagonal_lattice_temple

Skill      XL: |  1  2  3  4 |
---------------+-------------+-----
Polearms       | 2 |  2.0
Dodging        | 1 2 3 |  3.4
Armour         | 3 |  3.3
Shields        | 3 |  3.3
Fighting       | |  3.7

Action                   |  1- 3 |  4- 6 || total
-------------------------+-------+-------++-------
Melee: Trident           |   124 |    80 ||   204
       Kick              |    15 |    18 ||    33
  Use: Potion            |       |     4 ||     4
  Eat: Chunk             |     2 |     3 ||     5
Armor: Scale mail        |    28 |       ||    28
       Chain mail        |    27 |    53 ||    80
Dodge: Dodged            |    36 |    24 ||    60
Block: Shield            |    62 |    41 ||   103

Table legend:
 A = Spawn XP
 B = Non-spawn XP
 C = Spawn XP percentage of total XP
 D = Spawn monster count
 E = Non-spawn monster count
 F = Spawn count percentage of total count
 G = Total turns spent on level
                    A         B        C        D         E        F      G
               +---------+---------+-------+---------+---------+-------+---------
         Total |       0 |     319 |   0.0 |       0 |      47 |   0.0 |  2404
               +---------+---------+-------+---------+---------+-------+---------
           D:1 |       0 |       9 |   0.0 |       0 |       5 |   0.0 |    88
           D:2 |       0 |      60 |   0.0 |       0 |      21 |   0.0 |   935
           D:3 |       0 |     138 |   0.0 |       0 |      13 |   0.0 |   495
           D:4 |       0 |      88 |   0.0 |       0 |       3 |   0.0 |   426
           D:5 |       0 |      24 |   0.0 |       0 |       5 |   0.0 |   120
               +---------+---------+-------+---------+---------+-------+---------
